 Dungeon Crawl Stone Soup version 0.22-a0-512-g0943f25 (webtiles) character file.

15674 kae the Fencer (level 12, -3/105 HPs)
             Began as a Minotaur Fighter on June 18, 2018.
             Was a High Priest of Makhleb.
             Hit by a large rock thrown by a cyclops (27 damage)
             ... on level 11 of the Dungeon.
             The game lasted 00:11:45 (12954 turns).

kae the Fencer (Minotaur Fighter)                  Turns: 12954, Time: 00:11:46

Health: -3/105     AC: 14    Str: 23    XL:     12   Next: 3%
Magic:  15/15      EV: 11    Int:  7    God:    Makhleb [*****.]
Gold:   701        SH:  9    Dex: 11    Spells: 11/11 levels left

rFire    + . .     SeeInvis +   a - +1 long sword
rCold    + . .     Gourm    .   c - +0 shield
rNeg     . . .     Faith    .   b - +1 scale mail
rPois    .         Spirit   .   w - +2 hat
rElec    .         Reflect  .   n - scarf {rC+ rF+}
rCorr    .         Harm     .   (no gloves)
MR       +....                  C - +1 pair of boots
Stlth    ..........             (no amulet)
HPRegen  0.27/turn              e - ring of see invisible
MPRegen  0.14/turn              D - ring of protection from magic

@: lethally poisoned (-3 -> -32), about to teleport
A: retaliatory headbutt, horns 2
a: Minor Destruction, Lesser Servant of Makhleb, Major Destruction, Greater
Servant of Makhleb, Renounce Religion


You were on level 11 of the Dungeon.
You worshipped Makhleb.
Makhleb was extremely pleased with you.
You were not hungry.

You visited 2 branches of the dungeon, and saw 12 of its levels.

You collected 701 gold pieces.

Inventory:

Hand Weapons
 a - a +1 long sword (weapon)
Armour
 b - a +1 scale mail (worn)
 c - a +0 shield (worn)
 n - a scarf of resistance (worn)
 w - a +2 hat (worn)
 C - a +1 pair of boots (worn)
Jewellery
 e - a ring of see invisible (left hand)
 k - an uncursed ring of protection from cold
 q - an uncursed amulet of harm
 D - a ring of protection from magic (right hand)
Wands
 g - a wand of random effects (39)
 h - a wand of acid (5)
Scrolls
 i - 5 scrolls of teleportation
 l - a scroll of fog
 m - a scroll of identify
 o - 6 scrolls of remove curse
 r - 2 scrolls of immolation
 s - 2 scrolls of enchant armour
 t - 2 scrolls of amnesia
 y - 2 scrolls of enchant weapon
Potions
 d - 2 potions of might
 j - a potion of curing {unknown}
 p - a potion of cancellation
 u - a potion of flight
 v - 2 potions of magic
 x - a potion of resistance
 z - a potion of haste
 A - a potion of ambrosia
 B - a potion of agility
 F - a potion of mutation
Comestibles
 f - 26 rations
 E - a chunk of flesh


   Skills:
 + Level 9.5 Fighting
 + Level 16.4 Long Blades
 + Level 9.5 Armour
 + Level 7.9 Dodging
 - Level 3.6 Shields
 + Level 6.6 Invocations


You had 11 spell levels left.
You didn't know any spells.
Your spell library contained the following spells:

 Spells                   Type           Power        Failure   Level  Hunger
 Magic Dart               Conj           #...         99%         1    ##.....
 Conjure Flame            Conj/Fire      #.......     100%        3    ####...
 Slow                     Hex            #.......     100%        2    ###....
 Mephitic Cloud           Conj/Pois/Air  #.......     100%        3    ####...
 Blink                    Tloc           N/A          100%        2    ###....
 Call Imp                 Summ           #.......     100%        2    ###....


Dungeon Overview and Level Annotations

Branches:
Dungeon (11/15)            Temple (1/1) D:4            Lair (0/6) D:11
    Orc (0/2) D:9

Altars:
Ashenzari
Cheibriados
Dithmenos
Elyvilon
Fedhas
Gozag
Hepliaklqana
Kikubaaqudgha
Makhleb
Nemelex Xobeh
Okawaru
Qazlal
Ru
Sif Muna
Trog
Uskayaw
Vehumet
Wu Jian
Xom
Yredelemnul
Zin
The Shining One

Annotations:
D:7 2 runed doors


Innate Abilities, Weirdness & Mutations

You reflexively headbutt those who attack you in melee.
You have a pair of horns on your head.


Message History

The green ugly thing poisons your neqoxec!
Your neqoxec barely misses the green ugly thing.
The green ugly thing engulfs your neqoxec!
Your neqoxec gestures.
The green ugly thing engulfs your neqoxec.
Your neqoxec dies!
Your ufetubus disappears in a puff of smoke!
Your iron imp disappears in a puff of smoke!
A cyclops comes into view.
Okay, then.
As you read the scroll of teleportation, it crumbles to dust.
You feel strangely unstable. The green ugly thing engulfs you!
* * * LOW HITPOINT WARNING * * *
You are lethally poisoned!
The green ugly thing poisons you!
* * * LOW HITPOINT WARNING * * *
You feel very sick.
The cyclops shouts!
The cyclops throws a large rock.
The large rock hits you!!
You die...

.....[..))).()....#
###≈≈;;###(#####.#
#≈≈≈≈≈# #.# #≈≈≈≈≈≈#
#.# #≈≈≈≈≈≈# #.#
#≈≈≈≈≈≈# #.# #≈≈≈≈≈≈#
#.# #≈≈≈;≈≈# #u# #
#≈≈≈≈≈≈# #@# %. #.#
≈#. #.# ≈o≈. #(#
≈≈c.. #(#≈≈cc..
#############(≈≈≈cc.≈
#...))........≈≈≈≈≈.≈
#.##########≈≈C≈≈≈c.≈
#.# ##≈≈C≈≈o.≈


You could see a green ugly thing and a cyclops.

Vanquished Creatures
  3 two-headed ogres
  2 unseen horrors
  Pikel (D:6)
  An orc knight (D:10)
  Joseph (D:8)
  Maurice (D:8)
  A gargoyle (D:10)
  A troll (D:10)
  3 hippogriffs
  A spriggan (D:7)
  17 yaks
  A hungry ghost (D:8)
  5 soldier ants (D:7)
  Menkaure (D:6)
  6 water moccasins
  3 ice beasts
  5 orc warriors
  A phantom (D:6)
  3 sky beasts
  2 black bears
  3 slaves
  3 ogres
  6 centaurs (D:10)
  5 big kobolds
  5 bullfrogs
  3 scorpions (D:7)
  3 killer bees (D:10)
  5 jellies
  3 electric eels (D:9)
  6 crimson imps
  2 bullfrog zombies
  2 quasits
  6 hounds
  22 orc wizards
  13 orc priests
  A centaur skeleton (D:10)
  A bullfrog skeleton (D:8)
  8 iguanas
  11 worker ants
  Natasha (twice) (D:3)
  2 hound zombies
  A howler monkey zombie (D:7)
  4 worker ant zombies
  A gnoll (D:1)
  8 adders
  5 shadow imps
  An ooze (D:4)
  5 adder skeletons
  4 adder zombies
  A dart slug (D:1)
  7 leopard geckos
  52 orcs
  10 bats
  6 giant cockroaches
  8 goblins
  8 hobgoblins
  8 jackals
  7 quokkas
  5 ball pythons
  2 ball python skeletons
  3 frilled lizards
  A jackal zombie (D:8)
  23 kobolds
  A quokka zombie (D:6)
  13 rats
355 creatures vanquished.

Vanquished Creatures (others)
  A crimson imp (D:6)
  A hound (D:6)
  A kobold (D:11)
3 creatures vanquished.

Grand Total: 358 creatures vanquished

Notes
Turn   | Place    | Note
-------+----------+-------------------------------------------
     0 | D:1      | kae the Minotaur Fighter began the quest for the Orb.
     0 | D:1      | Reached XP level 1. HP: 19/19 MP: 0/0
   135 | D:1      | Reached XP level 2. HP: 27/27 MP: 1/1
   143 | D:1      | Reached skill level 3 in Long Blades
   380 | D:1      | Reached skill level 1 in Dodging
   470 | D:1      | Reached XP level 3. HP: 33/33 MP: 2/2
  1262 | D:2      | Reached XP level 4. HP: 39/40 MP: 3/3
  1334 | D:2      | Found a faded altar of an unknown god.
  1461 | D:2      | Found a sacrificial altar of Ru.
  1552 | D:3      | Reached skill level 4 in Long Blades
  1627 | D:3      | Noticed Natasha
  1632 | D:3      | Killed Natasha
  1853 | D:3      | Reached XP level 5. HP: 39/47 MP: 4/4
  1935 | D:3      | Found a shattered altar of Ashenzari.
  1937 | D:3      | Noticed Natasha
  1944 | D:3      | Killed Natasha
  2003 | D:2      | Reached skill level 5 in Long Blades
  2303 | D:3      | Reached XP level 6. HP: 38/55 MP: 5/5
  2437 | D:3      | Reached skill level 5 in Fighting
  2439 | D:3      | Reached skill level 5 in Armour
  2648 | D:4      | Reached skill level 14 in Long Blades
  2648 | D:4      | Reached XP level 7. HP: 61/61 MP: 6/6
  2663 | D:4      | Found a staircase to the Ecumenical Temple.
  2710 | Temple   | Entered the Ecumenical Temple
  2804 | Temple   | Became a worshipper of Makhleb the Destroyer
  2883 | D:4      | Found a basalt altar of Yredelemnul.
  2981 | D:4      | Reached skill level 15 in Long Blades
  3069 | D:4      | Reached XP level 8. HP: 62/68 MP: 7/7
  3478 | D:5      | Entered Level 5 of the Dungeon
  3803 | D:5      | Reached skill level 1 in Invocations
  4066 | D:5      | Reached * piety under Makhleb
  4866 | D:6      | Noticed Pikel
  5131 | D:6      | Killed Pikel
  5131 | D:6      | Reached XP level 9. HP: 31/75 MP: 9/9
  5410 | D:6      | Found a white marble altar of Elyvilon.
  6443 | D:6      | Noticed Menkaure
  6452 | D:6      | Killed Menkaure
  6707 | D:7      | Reached ** piety under Makhleb
  6866 | D:7      | Reached skill level 5 in Dodging
  7279 | D:7      | Found a runed gate.
  7279 | D:7      | Found a runed gate.
  7279 | D:7      | Found a runed gate.
  7287 | D:7      | Found a runed door.
  7295 | D:7      | Found the +9 staff of Olgreb {rPois}
  7297 | D:7      | Found a runed door.
  7434 | D:7      | Reached XP level 10. HP: 80/84 MP: 11/11
  8060 | D:8      | Reached *** piety under Makhleb
  8168 | D:8      | Noticed a two-headed ogre
  8183 | D:8      | Killed a two-headed ogre
  8370 | D:8      | Noticed a two-headed ogre
  8377 | D:8      | Killed a two-headed ogre
  8737 | D:8      | Noticed Joseph
  8756 | D:8      | Killed Joseph
  9031 | D:8      | Noticed Maurice
  9047 | D:8      | Killed Maurice
  9047 | D:8      | Reached XP level 11. HP: 50/94 MP: 13/13
  9386 | D:9      | Found a bloodstained altar of Trog.
  9400 | D:9      | Reached skill level 5 in Invocations
  9821 | D:9      | Reached **** piety under Makhleb
 10528 | D:9      | Reached skill level 16 in Long Blades
 10968 | D:9      | Found a staircase to the Orcish Mines.
 11170 | D:10     | Entered Level 10 of the Dungeon
 11240 | D:10     | Noticed an unseen horror
 11255 | D:10     | Killed an unseen horror
 11522 | D:10     | Noticed an orc knight
 11546 | D:10     | Killed an orc knight
 11546 | D:10     | Reached ***** piety under Makhleb
 12003 | D:10     | Found a blossoming altar of Fedhas.
 12205 | D:11     | Found a staircase to the Lair.
 12208 | D:11     | Noticed an unseen horror
 12229 | D:11     | Killed an unseen horror
 12394 | D:11     | Noticed a green ugly thing
 12701 | D:11     | Noticed a two-headed ogre
 12709 | D:11     | Killed a two-headed ogre
 12709 | D:11     | Reached XP level 12. HP: 69/105 MP: 15/15
 12954 | D:11     | Hit by a large rock thrown by a cyclops

Vault maps used:
D:1:      minmay_arrival_diagonal_passages, solitary_fountain
D:2:      minmay_diamond_boxcup, chequers_ecumenical_altar_simple, first_ration,
          nicolae_ru_path_of_blood
D:3:      minmay_misc_feat_rows, ashenzari_altar_1, uniq_natasha
D:4:      yredelemnul_altar_generic, temple_pool_b
D:6:      cheibrodos_thug_alley, basic_altar, minmay_misc_feat_x, uniq_menkaure,
          uniq_pikel
D:7:      the_bakery, minmay_guarded_unrand_staff_of_olgreb
D:8:      uniq_maurice, uniq_joseph
D:9:      erik_orc_2, basic_altar
D:10:     minmay_distorted_concentric_squares, fedhas_bush_and_centaur_altar
Temple:   compressed_dpeg_circular_temple

Skill      XL: |  1  2  3  4  5  6  7  8  9 10 11 |
---------------+----------------------------------+-----
Long Blades    | 3 4 5 14 15 16 | 16.4
Dodging        | 1 2 3 4 5 6 7 |  7.9
Armour         | 4 5 6 8 9 |  9.5
Fighting       | 4 5 6 8 9 |  9.5
Invocations    | 2 3 4 6 |  6.6
Shields        | |  3.6

Action                   |  1- 3 |  4- 6 |  7- 9 | 10-12 || total
-------------------------+-------+-------+-------+-------++-------
Melee: Long sword        |    92 |   133 |   390 |   605 ||  1220
       Headbutt          |     9 |    28 |    84 |   110 ||   231
Invok: Minor Destruction |       |       |       |     9 ||     9
       Lesser Servant of |       |       |       |     1 ||     1
Evoke: Wand              |       |       |       |     7 ||     7
  Use: Scroll            |       |     8 |     2 |    15 ||    25
       Potion            |       |     1 |     1 |     5 ||     7
  Eat: Chunk             |     1 |     5 |    15 |    20 ||    41
Armor: Scale mail        |    38 |    54 |    83 |   153 ||   328
       Skin              |       |       |       |    31 ||    31
Dodge: Dodged            |    25 |    31 |    62 |   188 ||   306
Block: Shield            |    44 |    71 |   133 |   223 ||   471
       Rpst.: Long sword |    12 |    11 |    19 |    43 ||    85

Table legend:
 A = Spawn XP
 B = Non-spawn XP
 C = Spawn XP percentage of total XP
 D = Spawn monster count
 E = Non-spawn monster count
 F = Spawn count percentage of total count
 G = Total turns spent on level
                    A         B        C        D         E        F      G
               +---------+---------+-------+---------+---------+-------+---------
         Total |       0 |   21876 |   0.0 |       0 |     352 |   0.0 | 12954
               +---------+---------+-------+---------+---------+-------+---------
           D:1 |       0 |      48 |   0.0 |       0 |      20 |   0.0 |   674
           D:2 |       0 |      93 |   0.0 |       0 |      29 |   0.0 |  1112
           D:3 |       0 |     409 |   0.0 |       0 |      40 |   0.0 |   859
           D:4 |       0 |     471 |   0.0 |       0 |      20 |   0.0 |   727
           D:5 |       0 |     418 |   0.0 |       0 |      23 |   0.0 |  1393
           D:6 |       0 |    2505 |   0.0 |       0 |      35 |   0.0 |  1826
           D:7 |       0 |    3003 |   0.0 |       0 |      42 |   0.0 |  1355
           D:8 |       0 |    4259 |   0.0 |       0 |      37 |   0.0 |  2269
           D:9 |       0 |    2571 |   0.0 |       0 |      46 |   0.0 |   849
          D:10 |       0 |    5032 |   0.0 |       0 |      43 |   0.0 |   984
          D:11 |       0 |    3067 |   0.0 |       0 |      17 |   0.0 |   800
               +---------+---------+-------+---------+---------+-------+---------
